 Dungeon Crawl Stone Soup version 0.29-a0-341-g24ffce5b50 (webtiles) character file.

Game seed: 13876446387222711010

35 Cecur the Caller (level 3, -2/21 (24) HPs)
             Began as a Demonspawn Summoner on Apr 21, 2022.
             Slain by Natasha (4 damage)
             ... on level 2 of the Dungeon.
             The game lasted 00:03:46 (1697 turns).

Cecur the Caller (Demonspawn Summoner)              Turns: 1697, Time: 00:03:47

HP:   -2/21 (24)    AC:  2    Str: 14    XL:     3   Next: 16%
MP:   6/6           EV: 12    Int: 18    God:
Gold: 34            SH:  0    Dex: 13    Spells: 6/7 levels left

rFire   . . .      SeeInvis .   i - staff of conjuration
rCold   . . .      Faith    .   (no shield)
rNeg    . . .      Spirit   .   a - +0 robe
rPois   .          Reflect  .   (helmet restricted)
rElec   .          Harm     .   (no cloak)
rCorr   .          Rampage  .   (no gloves)
Will    .....                   (no boots)
Stlth   ++........              c - amulet of magic regeneration
HPRegen 0.07/turn               g - +6 ring of strength
MPRegen 0.50/turn               (no ring)

@: heavily drained
A: horns 2
a: no special abilities


You were on level 2 of the Dungeon.
You visited 1 branch of the dungeon, and saw 2 of its levels.

You collected 34 gold pieces.

Inventory:

Armour
 a - a +0 robe (worn)
Magical Staves
 i - a staff of conjuration (weapon)
Jewellery
 c - an amulet of magic regeneration (around neck)
 g - a +6 ring of strength (left hand)
Scrolls
 d - a scroll of fog {unknown}
 h - a scroll of vulnerability {unknown}
Potions
 b - a potion of magic
 e - 2 potions of brilliance {unknown}
 f - a potion of degeneration {unknown}


   Skills:
 - Level 1.7 Dodging
 - Level 1.7 Stealth
 - Level 0.2 Unarmed Combat
 * Level 2.5 Spellcasting
 * Level 4.7 Summonings


You had 6 spell levels left.
You knew the following spells:

 Your Spells              Type           Power      Damage    Failure   Level
a - Summon Small Mammal   Summ           76%        N/A       2%          1

Your spell library contained the following spells:

 Spells                   Type           Power      Damage    Failure   Level
 Call Imp                 Summ           19%        N/A       3%          2
 Call Canine Familiar     Summ           19%        N/A       8%          3
 Summon Guardian Golem    Hex/Summ       10%        N/A       21%         3
 Summon Lightning Spire   Summ/Air       10%        N/A       54%         4


Dungeon Overview and Level Annotations

Branches:
Dungeon (2/15)

Altars:

Shops:
D:2 (

Annotations:
D:2 Natasha, Robin


Innate Abilities, Weirdness & Mutations

You have a pair of horns on your head.


Message History

Your rat closely misses the hobgoblin.
You hit the hobgoblin.
The hobgoblin is almost dead.
Your quokka closely misses the goblin.
The goblin barely misses your quokka. The hobgoblin closely misses you.
Your rat misses the hobgoblin. You hit the hobgoblin.
You kill the hobgoblin!
Your quokka closely misses the goblin.
The goblin barely misses your quokka. Natasha barely misses your quokka.
Your quokka barely misses Natasha.
The goblin no longer looks unusually strong.
The goblin hits your quokka with a +0 club.
Your quokka dies!
Your quokka's corpse disappears in a puff of smoke!
You hit Natasha but do no damage. Natasha claws you!
The goblin hits your rat but does no damage.
Your rat closely misses the goblin.
Natasha barely misses you. The goblin barely misses your rat.
You closely miss Natasha. Your headbutt misses Natasha.
Your rat bites the goblin.
Natasha barely misses you. The goblin barely misses your rat.
You barely miss Natasha.
Your rat bites the goblin.
Natasha claws you but does no damage.
Your rat bites the goblin.
The goblin dies!
You hit Natasha. Your headbutt misses Natasha.
Natasha is lightly wounded.
The hobgoblin hits your rat. Natasha barely misses you.
Your rat barely misses Natasha.
You hit Natasha but do no damage.
Natasha is lightly wounded.
Natasha claws you.
* * * LOW HITPOINT WARNING * * *
The hobgoblin hits your rat.
Your rat dies!
Your rat's corpse disappears in a puff of smoke!
You hit Natasha but do no damage. Your headbutt misses Natasha.
Natasha is lightly wounded.
Natasha stares at you and mumbles some strange words.
You resist with significant effort. The hobgoblin completely misses you.
Natasha claws you.
You die...

....#####+
...........
..........
..........
#.........
#....?....
#.........
#.........
#.@....... .....
######gh.......
.....
#.g)gg)........
.#...
###g####.........
.....
#..r....####.....
..... ##.......#
#####
.....##........#
.........g.†...#
......PP.......#


You could see Robin, Natasha and 2 hobgoblins.

Vanquished Creatures
  2 giant cockroaches (D:2)
  A goblin (D:2)
  A hobgoblin (D:2)
  A bat (D:1)
5 creatures vanquished.

Vanquished Creatures (collateral kills)
  2 bats (D:1)
  3 endoplasms (D:1)
  A giant cockroach (D:2)
  8 goblins
  3 hobgoblins (D:1)
  2 quokkas (D:1)
  A ball python (D:2)
  A frilled lizard (D:2)
  2 kobolds (D:1)
23 creatures vanquished.

Grand Total: 28 creatures vanquished

Notes
Turn   | Place    | Note
-------+----------+-------------------------------------------
     0 | D:1      | Cecur the Demonspawn Summoner began the quest for the Orb.
     0 | D:1      | Reached XP level 1. HP: 13/13 MP: 3/3
   412 | D:1      | Gained mutation: You have a pair of small horns on your
                  | head. [demonic ancestry]
   412 | D:1      | Reached XP level 2. HP: 15/19 MP: 0/5
  1249 | D:2      | Found Zutt's Antique Weapon Emporium.
  1411 | D:2      | Noticed Robin
  1429 | D:2      | Gained mutation: You have a pair of horns on your head.
                  | [demonic ancestry]
  1429 | D:2      | Reached XP level 3. HP: 5/21 MP: 6/6
  1677 | D:2      | Noticed Natasha
  1697 | D:2      | Slain by Natasha

Illustrated notes

Levels and vault maps discovered:
D:1:      elethiomel_arrival_infinity_welcomes_careful_drivers,
          layout_loops_cross
D:2:      layout_basic, basic_altar, serial_shops,
          nicolae_shop_overgrown_old_shop, minmay_tromino_i4, uniq_natasha,
          uniq_robin

Action                   || total
-------------------------++-------
Melee: Unarmed           ||    20
       Staff             ||    30
       Headbutt          ||     4
 Cast: Summon Small Mamm ||    44
Armor: Robe              ||    25
Dodge: Dodged            ||    47

Table legend: (Time is in decaauts)
 A = Elapsed time spent in this place.
 B = Non-inter-level travel time spent in this place.
 C = Inter-level travel time spent in this place.
 D = Time resting spent in this place.
 E = Time spent auto-exploring this place.
 F = Levels seen in this place.
 G = Mean time per level.
                   A        B        C        D        E       F      G
               +--------+--------+--------+--------+--------+-----+--------+
         Total |   1702 |   1621 |     81 |    231 |   1150 |   2 |  851.0 |
       Dungeon |   1702 |   1621 |     81 |    231 |   1150 |   2 |  851.0 |
               +--------+--------+--------+--------+--------+-----+--------+

Top non-repeatable levels by time:
     D:1: 1485 daAuts
     D:2: 216 daAuts
